Map: Acolyte LE

Players

Neeb - Winner!

  • Race: Protoss Protoss
  • Spawn Location: 7:00

Semper

  • Race: Terran Terran
  • Spawn Location: 1:00

Event: WCS Montreal 2017

VOD

Have the link to the VOD?

Description

Time

  • Played on: Sept. 8, 2017, 6 p.m.
  • Length: 13:19

All games in this series

Show
View Real Time Build Order
Export as new Build Order

Neeb Protoss - Winner!

Build Orders: 1 Gate Expand, Oracle Opening 

Get SALT Encoding   

  12  0:00  Probe (Chrono Boost)  
  13  0:11  Probe (Chrono Boost)  
  14  0:16  Pylon  
  14  0:22  Probe (Chrono Boost)  
  15  0:35  Probe (Chrono Boost)  
  16  0:38  Gateway  
  16  0:45  Probe (Chrono Boost)  
  17  0:51  Assimilator  
  17  0:56  Probe (Chrono Boost)  
  18  1:06  Probe (Chrono Boost)  
  19  1:17  Probe (Chrono Boost)  
  20  1:23  Nexus  
  20  1:35  Cybernetics Core  
  20  1:37  Probe (Chrono Boost)  
  21  1:42  Assimilator  
  21  1:47  Probe (Chrono Boost)  
  21  1:51  Pylon  
  22  1:58  Probe (Chrono Boost)  
  23  2:09  Probe (Chrono Boost)  
  23  2:11  Adept (Chrono Boost)  
  23  2:12  Warp Gate  
  26  2:21  Probe  
  27  2:28  Stargate  
  27  2:33  Probe  
  27  2:35  Probe, Adept (Chrono Boost)  
  31  2:45  Probe (Chrono Boost)  
  31  2:46  Probe (Chrono Boost)  
  33  2:57  Probe (Chrono Boost)  
  33  2:58  Probe (Chrono Boost)  
  35  3:07  Probe (Chrono Boost)  
  35  3:08  Probe (Chrono Boost)  
  35  3:12  Nexus  
  37  3:19  Oracle (Chrono Boost)  
  40  3:20  Probe  
  40  3:23  Probe  
  42  3:32  Probe  
  43  3:34  Probe  
  43  3:36  Pylon  
  43  3:39  Pylon  
  44  3:44  Probe  
  45  3:54  Mothership Core, Oracle (Chrono Boost)  
  45  3:55  Probe  
  50  3:57  Pylon  
  51  4:03  Gateway x2  
  51  4:05  Probe  
  52  4:10  Assimilator  
  52  4:15  Assimilator, Probe  
  52  4:16  Probe  
  54  4:25  Probe  
  54  4:27  Probe x2 (Chrono Boost)  
  57  4:36  Probe (Chrono Boost)  
  58  4:39  Probe x2 (Chrono Boost)  
  58  4:40  Robotics Facility  
  58  4:42  Pylon  
  58  4:43  Pylon  
  58  4:44  Sentry  
  62  4:48  Probe (Chrono Boost)  
  62  4:49  Probe (Chrono Boost)  
  62  4:50  Probe (Chrono Boost)  
  65  4:54  Forge, Pylon  
  65  4:58  Probe (Chrono Boost)  
  66  5:00  Probe (Chrono Boost)  
  66  5:02  Probe (Chrono Boost)  
  66  5:06  Twilight Council  
  65  5:09  Probe (Chrono Boost), Sentry  
  65  5:10  Probe (Chrono Boost), Sentry  
  65  5:12  Probe (Chrono Boost)  
  72  5:16  Protoss Ground Weapons Level 1  
  72  5:21  Probe (Chrono Boost)  
  74  5:23  Probe (Chrono Boost), Gateway  
  74  5:24  Immortal (Chrono Boost), Gateway x2  
  78  5:31  Probe  
  78  5:32  Probe  
  80  5:36  Gateway  
  80  5:39  Gateway  
  80  5:43  Resonating Glaives (Chrono Boost)  
  80  5:46  Pylon  
  80  5:49  Adept x2  
  84  5:54  Adept  
  84  5:56  Warp Prism  
  86  5:57  Pylon  
  88  6:04  Pylon  
  88  6:07  Pylon  
  88  6:11  Pylon  
  88  6:12  Adept x2  
  88  6:14  Pylon  
  92  6:28  Photon Cannon  
  92  6:31  Adept x4  
  92  6:32  Observer  
  101  6:40  Probe x3  
  101  6:42  Pylon  
  104  6:53  Adept x8  
  120  6:56  Protoss Ground Armor Level 1  
  120  7:01  Pylon x2  
  120  7:02  Pylon  
  120  7:03  Observer  
  120  7:05  Photon Cannon  
  121  7:14  Adept x2  
  121  7:15  Adept x5  
  133  7:29  Adept  
  135  7:30  Probe x3  
  135  7:32  Assimilator x2  
  138  7:38  Adept x7  
  152  7:46  Probe  
  152  7:47  Probe  
  152  7:56  Adept  
  144  8:12  Nexus, Stalker x7  
  132  8:22  Probe x2  
  132  8:23  Probe  
  121  8:33  Immortal  
  106  8:34  Probe  
  106  8:36  Adept x8  
  106  8:40  Adept x7  
  116  8:42  Pylon  
  116  8:46  Pylon  
  114  8:59  Protoss Ground Weapons Level 2 (Chrono Boost)  
  106  9:03  Sentry x2, Stalker x4  
  106  9:04  Stalker x2  
  106  9:08  Pylon  
  118  9:10  Robotics Facility, Robotics Bay  
  118  9:12  Observer  
  119  9:34  Assimilator  
  118  9:39  Warp Prism (Chrono Boost), Assimilator  
  120  9:52  Forge  
  120  9:54  Gateway  
  120  9:56  Colossus (Chrono Boost), Extended Thermal Lance  
  120  9:57  Gateway  
  126  10:01  Gateway  
  126  10:04  Gateway  
  126  10:05  Stalker x3  
  132  10:10  Colossus (Chrono Boost)  
  138  10:28  Protoss Ground Armor Level 2 (Chrono Boost)  
  133  10:36  Pylon  
  133  10:38  Pylon  
  133  10:40  Photon Cannon  
  133  10:41  Colossus  
  133  10:44  Stalker x4  
  133  10:45  Stalker  
  147  10:58  Colossus  
  147  11:00  Blink (Chrono Boost)  
  147  11:02  Zealot x7  
  165  11:31  Stalker x11  
  185  11:42  Templar Archives  
  181  11:53  Nexus  
  181  11:56  Photon Cannon  
  181  11:57  Photon Cannon  
  181  11:59  Dark Shrine  
  181  12:00  Pylon  
  175  12:18  Stalker x6  
  184  12:33  Nexus  
  172  13:00  Stalker x7  
Show
View Real Time Build Order
Export as new Build Order

Semper Terran 

Build Orders: Cyclone Opening, Reaper Expand, MMM Bio 

Get SALT Encoding   

  12  0:00  SCV  
  13  0:12  SCV  
  14  0:17  Supply Depot  
  14  0:25  SCV  
  15  0:39  SCV  
  15  0:41  Barracks  
  16  0:45  Refinery  
  16  0:51  SCV  
  17  1:03  SCV  
  18  1:15  SCV  
  19  1:27  Orbital Command  
  19  1:28  Reaper  
  20  1:44  Command Center  
  20  1:53  SCV  
  21  1:57  Supply Depot  
  21  2:00  Marine  
  22  2:05  SCV  
  23  2:10  Factory  
  23  2:19  SCV  
  23  2:22  Barracks Reactor  
  24  2:31  SCV  
  25  2:44  SCV  
  25  2:49  Command Center  
  25  2:56  Orbital Command  
  25  2:58  Cyclone  
  25  3:02  SCV  
  29  3:05  Marine  
  29  3:06  Marine  
  31  3:14  SCV  
  32  3:23  Marine, SCV  
  32  3:24  Marine, Refinery  
  35  3:33  SCV  
  36  3:34  Widow Mine  
  36  3:36  SCV  
  39  3:41  Marine  
  39  3:42  Marine  
  39  3:45  SCV  
  39  3:48  SCV  
  43  3:50  Starport  
  43  3:57  SCV  
  43  3:59  Marine  
  43  4:00  Marine, SCV  
  43  4:02  Orbital Command  
  47  4:03  Widow Mine  
  47  4:09  SCV  
  50  4:12  SCV  
  50  4:15  Supply Depot  
  51  4:21  Barracks, SCV  
  51  4:24  SCV  
  51  4:26  Marine x2  
  51  4:29  SCV  
  54  4:31  Viking  
  54  4:33  SCV  
  54  4:36  SCV  
  57  4:41  SCV  
  58  4:46  SCV  
  58  4:48  Factory Tech Lab  
  58  4:51  SCV  
  60  4:54  Barracks, Engineering Bay, Barracks Tech Lab  
  60  4:55  Engineering Bay  
  60  4:56  Supply Depot  
  60  4:57  SCV  
  60  4:58  SCV  
  61  5:06  SCV  
  59  5:09  SCV  
  59  5:11  SCV  
  59  5:13  Marauder  
  64  5:14  Stimpack  
  64  5:19  SCV  
  64  5:21  Factory Reactor  
  64  5:22  Marine  
  64  5:23  Orbital Command, Combat Shields  
  64  5:25  Starport Reactor  
  64  5:26  SCV  
  66  5:31  SCV, Refinery  
  66  5:32  Refinery  
  66  5:34  Marine  
  68  5:36  Supply Depot  
  68  5:38  SCV  
  68  5:39  Supply Depot  
  68  5:40  Marine  
  70  5:43  SCV  
  70  5:44  Terran Infantry Weapons Level 1, Missile Turret  
  70  5:46  Missile Turret  
  70  5:48  SCV  
  72  5:50  SCV  
  72  5:54  Marine x2  
  72  5:55  SCV  
  76  6:00  Terran Infantry Armor Level 1, Missile Turret  
  76  6:01  Barracks  
  76  6:02  Barracks, SCV x2  
  78  6:09  Supply Depot  
  78  6:10  Medivac, SCV  
  81  6:14  Widow Mine, SCV, Refinery  
  81  6:15  Widow Mine  
  86  6:20  Marine  
  86  6:21  Marine x2  
  86  6:23  SCV  
  90  6:27  SCV  
  90  6:29  Marine  
  90  6:30  SCV  
  93  6:38  Medivac, Marine  
  93  6:39  Marine, SCV, Marauder  
  100  6:42  Supply Depot  
  100  6:43  Supply Depot  
  100  6:44  SCV  
  100  6:46  Supply Depot, Medivac, SCV  
  104  6:47  Marauder  
  104  6:51  SCV  
  106  6:56  Marine, SCV  
  106  6:57  Barracks Reactor, Barracks Tech Lab  
  106  6:58  SCV  
  106  6:59  Armory  
  109  7:03  Marine, SCV  
  109  7:04  Marauder  
  109  7:06  Missile Turret  
  113  7:09  SCV  
  113  7:10  Liberator  
  113  7:11  Marine  
  113  7:13  Refinery  
  113  7:14  Marine  
  116  7:17  Marine, Widow Mine x2  
  116  7:21  Liberator, Marine  
  122  7:25  SCV, Marauder  
  122  7:29  Marine  
  125  7:35  Marine  
  124  7:37  Marauder  
  124  7:39  SCV  
  124  7:43  Supply Depot  
  117  7:44  Marine  
  117  7:46  SCV, Marauder  
  117  7:47  Marine, Widow Mine  
  117  7:48  Widow Mine  
  121  7:53  Liberator, Marine  
  121  7:56  SCV  
  100  7:59  Marine  
  100  8:00  Marauder  
  100  8:01  Marine  
  100  8:03  Liberator, Marine  
  100  8:05  Marine  
  102  8:10  Marine  
  100  8:13  SCV  
  100  8:14  SCV  
  100  8:15  Marine  
  99  8:23  Marine  
  99  8:24  Marine x3  
  99  8:25  SCV  
  93  8:28  Marine x2  
  93  8:33  SCV  
  85  8:34  Orbital Command  
  85  8:36  Marine  
  85  8:37  SCV  
  85  8:40  Marine  
  73  8:42  Marine x2  
  73  8:45  SCV  
  75  8:49  Marine, SCV  
  75  8:50  Marine x2  
  75  8:54  Marine  
  75  8:58  Marine  
  75  8:59  Liberator  
  75  9:00  Marine  
  75  9:01  Liberator  
  75  9:02  Marine  
  77  9:05  Widow Mine x2  
  77  9:08  SCV  
  81  9:11  SCV  
  85  9:19  Marine  
  85  9:23  SCV  
  90  9:29  Marine  
  90  9:30  Marine x3, Marauder  
  97  9:31  SCV  
  97  9:34  Widow Mine x2  
  97  9:36  SCV x2  
  103  9:39  Marine x2  
  103  9:44  Supply Depot  
  103  9:45  Supply Depot, Terran Infantry Weapons Level 2  
  105  9:46  SCV  
  105  9:47  Marine  
  105  9:48  SCV x2  
  109  9:57  Marine  
  109  9:58  SCV, Marauder  
  113  10:00  SCV  
  113  10:02  Marine  
  113  10:03  Marauder  
  113  10:05  SCV  
  118  10:08  Marine  
  118  10:09  Terran Infantry Armor Level 2  
  118  10:10  SCV  
  118  10:13  Barracks Tech Lab  
  120  10:15  SCV  
  120  10:16  Marine  
  120  10:17  Marine  
  120  10:18  SCV  
  120  10:19  Marauder  
  120  10:23  Refinery  
  120  10:24  Refinery  
  120  10:25  Marauder  
  122  10:31  Marine  
  122  10:32  Marauder  
  122  10:35  Marine x2  
  126  10:36  Medivac x2, Widow Mine  
  126  10:37  Widow Mine  
  126  10:41  Marauder  
  137  10:46  Supply Depot, Marauder  
  137  10:47  Supply Depot  
  139  10:54  Marine  
  140  10:59  Marine  
  141  11:08  Medivac x2, Marine, Marauder x2  
  141  11:10  Command Center  
  141  11:11  Marine, Marauder  
  153  11:12  Marine  
  153  11:17  Marine  
  145  11:25  Marine  
  145  11:28  Marine  
  145  11:29  Marine x2  
  145  11:30  Marine  
  145  11:32  Marine  
  145  11:33  SCV  
  145  11:35  Marine  
  145  11:38  SCV x2  
  142  11:43  Marine  
  142  11:45  SCV  
  142  11:46  Marine  
  143  11:47  Marine x2  
  143  11:48  Marine  
  143  11:50  Marine, SCV x2  
  143  11:52  Marine  
  150  11:58  SCV  
  151  12:01  Marine  
  151  12:02  SCV x2  
  151  12:05  Marine x2, Marauder x2  
  151  12:08  Marine  
  160  12:09  Liberator  
  159  12:17  Marine  
  155  12:26  Marine x4  
  155  12:27  Widow Mine, Marauder  
  141  12:33  Marauder  
  141  12:35  Marine  
  143  12:43  Marine  
  143  12:44  Marine x2, Marauder  
Tags
 
Add a new tag
Caveats
  • Supply blocks, unpowered buildings, or Contaminate may cause inaccurate times.
  • Supply counts are checked every 10 seconds.